Description

Controling ramp with marines and reaper. 4:03 3 helions + 2 marines medievac goes to enemy base Aftewards trying to drop tanks with infantry

VOD

http://www.youtube.com/watch?v=gSzdintFWss&list=PLAf6ac3Tw4SKXxb0ECU_WabI23qqtzawy&index=12

Build Order

Get SALT Encoding   

  14  0:19  Supply Depot  
  16  0:44  Barracks  
  16  0:45  Refinery  
  20  1:28  Orbital Command  
  20  1:29  Reaper  
  20  1:43  Command Center  
  20  1:49  Supply Depot  
  23  2:08  Factory  
  25  2:17  Refinery  
  31  2:52  Starport, Orbital Command  + helion + marines
  31  3:03  Barracks  
  31  3:05  Tech Lab  for barrack near factory for swap
  37  3:25  Stimpack  
  41  3:33  Supply Depot  
  41  3:34  Medivac  
  45  3:46  Engineering Bay  
  48  3:55  Supply Depot  
  48  3:57  Reactor  For barrack
  48  4:05  Tech Lab  For factory
  52  4:16  Barracks  
  52  4:19  Refinery  
  52  4:20  Terran Infantry Weapons Level 1  
  57  4:28  Siege Tank  
Spawning Tool Build Advisor. Get it on Overwolf

Go to:

Details

  • Created by: Sturmer 
  • Published on: Dec 27, 2015
  • Modified on: Dec 27, 2015
  • Patch: Pre-3.8.0
Show
View Real Time Build Order
Export as new Build Order

Comments (1)

On Jan. 20, 2016, 3:06 p.m., SmokeHF  said:

Ther is no reactor In salt encoding.Its not something hard to remember but still helps a lot.

Create an account to comment!